 Dungeon Sprint DCSS version 0.29-a0-813-g4a14ea37d6 (webtiles) character file.

Game seed: 11286235047074678330

5587 mhtbhm the Imperceptible (level 10, -10/46 HPs)
             Began as a Spriggan Enchanter on July 4, 2022.
             Was a High Priest of Dithmenos.
             Killed from afar by a lindwurm (31 damage)
             ... with a blast of flame
             ... in the Dungeon (Sprint I: "Red Sonja").
             The game lasted 00:05:59 (1353 turns).

mhtbhm the Imperceptible (Spriggan Enchanter)       Turns: 1353, Time: 00:06:01

Health: -10/46     AC:  4    Str:  4    XL:     10   Next: 45%
Magic:  21/25      EV: 24    Int: 23    God:    Dithmenos [*****.]
Gold:   42         SH:  0    Dex: 20    Spells: 11/30 levels left

rFire   . . .      SeeInvis +   a - +6 short sword (speed)
rCold   . . .      Faith    .   (no shield)
rNeg    . . .      Spirit   .   b - +0 robe
rPois   +          Reflect  .   (helmet restricted)
rElec   .          Harm     .   p - +1 cloak {rPois}
rCorr   .          Rampage  .   (gloves unavailable)
Will    +....      NoTele   +   (boots unavailable) Stlth ******++++
                                (no amulet)
HPRegen 0.15/turn               o - +6 ring of intelligence
MPRegen 0.19/turn               (no ring)

@: wreathed by umbra, very quick
A: very small, no large weapons, unfitting armour, see invisible, speed 3
a: Renounce Religion, Shadow Step, Shadow Form


You were in the Dungeon.
You worshipped Dithmenos.
Dithmenos was extremely pleased with you.
You visited 1 branch You collected 1084 gold pieces.
You spent 1042 gold pieces at shops.

Inventory:

Hand Weapons
 a - a +6 short sword of speed (weapon)
Missiles
 m - 7 curare-tipped darts (quivered)
Armour
 b - a +0 robe (worn)
 p - a +1 cloak of poison resistance (worn)
Jewellery
 o - a +6 ring of intelligence (left hand)
Wands
 j - a wand of flame (20)
 l - a wand of roots (5)
Scrolls
 h - a scroll of identify {unknown}
 i - a scroll of blinking
 n - 3 scrolls of vulnerability
 q - a scroll of fog
 r - a scroll of summoning
Potions
 c - a potion of invisibility
 d - 5 potions of curing
 e - a potion of heal wounds
 f - 2 potions of haste
 g - 2 potions of magic
 k - a potion of degeneration {unknown}
 s - a potion of flight


   Skills:
 + Level 1.6 Fighting
 + Level 7.3 Short Blades
 + Level 9.5 Dodging
 + Level 25.2 Stealth
 + Level 10.6 Spellcasting
 + Level 15.8 Hexes
 + Level 0.6 Ice Magic
 + Level 0.5 Invocations


You had 11 spell levels left.
You knew the following spells:

 Your Spells              Type           Power      Damage    Failure   Level
a - Ensorcelled Hibernat  Hex/Ice        100%       N/A       1%          2
b - Confusing Touch       Hex            71%        N/A       1%          3
c - Tukima's Dance        Hex            71%        N/A       1%          3
d - Dazzling Flash        Conj/Hex       96%        N/A       1%          3
e - Inner Flame           Hex/Fire       48%        N/A       1%          3
f - Passwall              Tmut/Erth      10%        N/A       8%          2
g - Swiftness             Air            12%        N/A       16%         3

Your spell library contained the following spells:

 Spells                   Type           Power      Damage    Failure   Level
 Foxfire                  Conj/Fire      48%        2x1d6     5%          1
 Conjure Flame            Conj/Fire      12%        6-21      16%         3
 Flame Wave               Conj/Fire      12%        2d6       45%         4


Dungeon Overview and Level Annotations

Branches:
Dungeon (1/1)

Altars:
Cheibriados
Dithmenos
Elyvilon
Fedhas
Gozag
Hepliaklqana
Kikubaaqudgha
Makhleb
Nemelex Xobeh
Okawaru
Qazlal
Ru
Sif Muna
Trog
Uskayaw
Vehumet
Wu Jian
Xom
Yredelemnul
Zin
The Shining One
Jiyva
Lugonu

Shops:
D (([[(!?:!?(!?:*[(


Innate Abilities, Weirdness & Mutations

You are very small and have problems with some larger weapons.
You are too small for most types of armour.
You have supernaturally acute eyesight. (SInv)
You cover ground extremely quickly. (Speed+++)


Message History

Aiming: Passwall (safe; 8% risk of failure)
Press: ? - help, Dir - move target A rock wall.
This square is wreathed by an umbra.
You begin to meditate on the wall.
You continue meditating on the rock. x2
You finish merging with the rock.
Found a potion of heal wounds and 2 potions of curing.
d - 5 potions of curing (gained 2)
e - 2 potions of heal wounds (gained 1)
Casting: Passwall (safe; 8% risk of failure)
Confirm with . or Enter, or press ? or * to list all spells.
Aiming: Passwall (safe; 8% risk of failure)
Press: ? - help, Dir - move target A rock wall.
This square is wreathed by an umbra.
You begin to meditate on the wall.
You continue meditating on the rock. x2
You finish merging with the rock.
Found 108 gold pieces.
The lindwurm roars!
You see here 27 gold pieces.
You barely miss the lindwurm.
Your shadow hits the lindwurm but does no damage.
The lindwurm breathes flames at you. The blast of flame hits you!!
Ouch! That really hurt!
* * * LOW HITPOINT WARNING * * *
You emit a cloud of dark smoke.
Found 27 gold pieces.
You feel much better. The lindwurm bites you! The lindwurm misses you.
The lindwurm completely misses you.
Casting: Passwall (safe; 8% risk of failure)
Confirm with . or Enter, or press ? or * to list all spells.
Aiming: Ensorcelled Hibernation (safe; 1% risk of failure)
Press: ? - help, Shift-Dir - straight line, f - lindwurm
Aim: a lindwurm (purple smoke, umbra, chance to affect: 54%)
The lindwurm resists with some effort.
The lindwurm breathes flames at you. The blast of flame hits you!!
Ouch! That really hurt!
You die...

####################
.#__#..'...#..#§@k§+
.'..'..#.).##+#§####
'#__####)..+ #§#
(####(.##### +§
§#≈≈≈.)#.§# ##
.'§§≈§§'§§#
_#§≈≈.)#§.#
§##+#####'###
.#.((.###.'.#


You could see a lindwurm (catching breath).

Vanquished Creatures
  2 centaur warriors (D)
  Sonja (D)
  A deep troll (D)
  An oklob plant (D)
  2 unseen horrors (D)
  2 kobold demonologists (D)
  A slime creature (D)
  A hornet (D)
  Sigmund (D)
  A yak (D)
  2 redbacks (D)
  2 floating eyes (D)
  An ogre (D)
  7 necrophages (D)
  8 jellies (D)
  Ijyb (D)
  A ballistomycete spore (D)
35 creatures vanquished.

Vanquished Creatures (others)
  A ballistomycete spore (D)
1 creature vanquished.

Grand Total: 36 creatures vanquished

Notes
Turn   | Place    | Note
-------+----------+-------------------------------------------
     0 | D        | mhtbhm the Spriggan Enchanter began the quest for the Orb.
     0 | D        | Reached XP level 1. HP: 9/9 MP: 5/5
     2 | D        | Noticed Ijyb
     7 | D        | Killed Ijyb
     8 | D        | Reached skill level 6 in Stealth
     8 | D        | Reached skill level 5 in Hexes
     8 | D        | Reached XP level 2. HP: 7/13 MP: 5/7
    10 | D        | Noticed an ogre
    13 | D        | Killed an ogre
    14 | D        | Reached skill level 9 in Stealth
    14 | D        | Reached skill level 5 in Spellcasting
    14 | D        | Reached XP level 3. HP: 9/16 MP: 5/10
    14 | D        | Reached XP level 4. HP: 12/21 MP: 6/12
    15 | D        | Noticed Sigmund
    17 | D        | Killed Sigmund
    18 | D        | Reached skill level 5 in Dodging
    18 | D        | Reached skill level 12 in Stealth
    18 | D        | Reached skill level 10 in Hexes
    18 | D        | Reached XP level 5. HP: 14/24 MP: 6/14
    18 | D        | Reached XP level 6. HP: 16/28 MP: 6/16
    24 | D        | Found a shimmering blue altar of Sif Muna.
    25 | D        | Found an ornate altar of the Wu Jian Council.
    26 | D        | Found a radiant altar of Vehumet.
    32 | D        | Found Ewkeag's Antique Weapon Emporium.
    32 | D        | Found an ancient bone altar of Kikubaaqudgha.
    32 | D        | Found a hazy altar of Hepliaklqana.
    32 | D        | Found a stormy altar of Qazlal.
    32 | D        | Found a hide-covered altar of Uskayaw.
    32 | D        | Found a blossoming altar of Fedhas.
    32 | D        | Found a bloodstained altar of Trog.
    32 | D        | Found an iron altar of Okawaru.
    32 | D        | Found a basalt altar of Yredelemnul.
    32 | D        | Found a glowing golden altar of the Shining One.
    32 | D        | Found a snail-covered altar of Cheibriados.
    32 | D        | Found a sacrificial altar of Ru.
    32 | D        | Found a glowing silver altar of Zin.
    32 | D        | Found a shadowy altar of Dithmenos.
    32 | D        | Found a white marble altar of Elyvilon.
    32 | D        | Noticed a yak
    33 | D        | Found an opulent altar of Gozag.
    34 | D        | Killed a yak
    35 | D        | Reached skill level 14 in Stealth
    35 | D        | Found a sparkling altar of Nemelex Xobeh.
    41 | D        | Became a worshipper of Dithmenos the Shadowed
   179 | D        | Noticed Sonja
   183 | D        | Killed Sonja
   184 | D        | Reached skill level 16 in Stealth
   184 | D        | Reached XP level 7. HP: 32/32 MP: 18/20
   207 | D        | Found Jylipeif's Weapon Boutique.
   218 | D        | Bought a +4 dagger for 264 gold pieces
   392 | D        | Noticed a deep troll
   396 | D        | Killed a deep troll
   397 | D        | Reached skill level 18 in Stealth
   397 | D        | Reached XP level 8. HP: 36/36 MP: 22/22
   406 | D        | Found Utwousu's Armour Emporium.
   453 | D        | Found a burning altar of Makhleb.
   453 | D        | Found a viscous altar of Jiyva.
   453 | D        | Found a shimmering altar of Xom.
   453 | D        | Found a corrupted altar of Lugonu.
   453 | D        | Noticed a slime creature
   456 | D        | Killed a slime creature
   456 | D        | Reached * piety under Dithmenos
   457 | D        | Reached skill level 19 in Stealth
   470 | D        | Noticed a kobold demonologist
   471 | D        | Noticed a kobold demonologist
   474 | D        | Killed a kobold demonologist
   475 | D        | Reached XP level 9. HP: 39/39 MP: 23/23
   481 | D        | Killed a kobold demonologist
   481 | D        | Reached ** piety under Dithmenos
   482 | D        | Reached skill level 20 in Stealth
   687 | D        | Noticed a centaur warrior
   690 | D        | Noticed a centaur warrior
   693 | D        | Killed a centaur warrior
   694 | D        | Reached skill level 5 in Short Blades
   694 | D        | Reached skill level 21 in Stealth
   694 | D        | Reached skill level 10 in Spellcasting
   694 | D        | Reached skill level 15 in Hexes
   694 | D        | Killed a centaur warrior
   695 | D        | Reached skill level 1 in Fighting
   695 | D        | Reached skill level 22 in Stealth
   731 | D        | Noticed an oklob plant
   733 | D        | Killed an oklob plant
   734 | D        | Reached skill level 23 in Stealth
   734 | D        | Reached XP level 10. HP: 45/45 MP: 25/25
   740 | D        | Reached *** piety under Dithmenos
   765 | D        | Reached skill level 24 in Stealth
  1016 | D        | Learned a level 2 spell: Ensorcelled Hibernation
  1020 | D        | Learned a level 3 spell: Confusing Touch
  1024 | D        | Learned a level 3 spell: Tukima's Dance
  1028 | D        | Learned a level 3 spell: Dazzling Flash
  1032 | D        | Learned a level 3 spell: Inner Flame
  1040 | D        | Reached **** piety under Dithmenos
  1191 | D        | Reached ***** piety under Dithmenos
  1208 | D        | Reached skill level 25 in Stealth
  1211 | D        | Identified the +0 plate armour "Cuitag" {rF+ SInv}
  1245 | D        | Found Optibb's Armour Shoppe.
  1245 | D        | Found Uceefaf's Antique Armour Shop.
  1245 | D        | Found Enliha's Weapon Boutique.
  1247 | D        | Found Lanyffux's Distillery.
  1247 | D        | Found Qionafat's Magic Scroll Shop.
  1247 | D        | Found Taoll's Book Shoppe.
  1247 | D        | Found Iras's Distillery.
  1247 | D        | Found Jygilita's Magic Scroll Emporium.
  1247 | D        | Found Kozagota's Weapon Shop.
  1247 | D        | Found Korylo's Distillery.
  1251 | D        | Bought 3 curare-tipped darts for 25 gold pieces
  1251 | D        | Found Uffugirph's Magic Scroll Boutique.
  1252 | D        | Found Xuetoz's General Store.
  1252 | D        | Found Tiwomyga's Book Boutique.
  1253 | D        | Bought a scroll of fog for 22 gold pieces
  1253 | D        | Found Orgha's Antique Weapon Emporium.
  1254 | D        | Bought a book of Burglary for 260 gold pieces
  1274 | D        | Bought a scroll of summoning for 123 gold pieces
  1274 | D        | Bought a scroll of vulnerability for 97 gold pieces
  1277 | D        | Bought a scroll of vulnerability for 82 gold pieces
  1280 | D        | Bought a potion of haste for 130 gold pieces
  1280 | D        | Bought a potion of flight for 39 gold pieces
  1335 | D        | Learned a level 2 spell: Passwall
  1339 | D        | Learned a level 3 spell: Swiftness
  1350 | D        | Noticed a lindwurm
  1353 | D        | Killed from afar by a lindwurm

Illustrated notes

Levels and vault maps discovered:
D:        dungeon_sprint_1 [red_sonja_temple_1, red_sonja_temple_small_1]

Skill      XL: |  1  2  3  4  5  6  7  8  9 10 |
---------------+-------------------------------+-----
Dodging        | 3 4 5 7 8 9 |  9.5
Stealth        | 6 9 12 16 18 19 23 25 | 25.2
Spellcasting   | 3 5 6 8 9 10 | 10.6
Hexes          | 5 7 10 13 14 15 | 15.8
Short Blades   | 2 3 4 6 7 |  7.3
Fighting       | 1 |  1.6
Ice Magic      | |  0.6
Invocations    | |  0.5

Action                   |  1- 3 |  4- 6 |  7- 9 | 10-12 || total
-------------------------+-------+-------+-------+-------++-------
Melee: Dagger            |     4 |     4 |    15 |    27 ||    50
       Short sword       |       |       |       |     1 ||     1
 Cast: Ensorcelled Hiber |       |       |       |     5 ||     5
       Confusing Touch   |       |       |       |     2 ||     2
       Passwall          |       |       |       |     2 ||     2
Invok: Shadow Step       |       |       |     1 |       ||     1
Evoke: Wand              |       |       |       |     1 ||     1
  Use: Potion            |     1 |       |     1 |     1 ||     3
 Stab: Sleeping          |     2 |     3 |     9 |    17 ||    31
       Invisible         |     1 |     1 |       |       ||     2
       Confused          |       |       |       |     2 ||     2
Dodge: Dodged            |     2 |     1 |     3 |    12 ||    18

Table legend: (Time is in decaauts)
 A = Elapsed time spent in this place.
 B = Non-inter-level travel time spent in this place.
 C = Inter-level travel time spent in this place.
 D = Time resting spent in this place.
 E = Time spent auto-exploring this place.
 F = Levels seen in this place.
 G = Mean time per level.
                   A        B        C        D        E       F      G
               +--------+--------+--------+--------+--------+-----+--------+
         Total |   1176 |   1176 |      0 |    733 |      0 |   1 | 1176.0 |
       Dungeon |   1176 |   1176 |      0 |    733 |      0 |   1 | 1176.0 |
               +--------+--------+--------+--------+--------+-----+--------+

Top non-repeatable levels by time:
       D: 1176 daAuts
